 Dungeon Crawl Stone Soup version 0.27.1-3-gb3d3a73c9e (webtiles) character file.

Game seed: 6359709401244925422

48 horus123 the Ducker (level 3, -1/19 HPs)
             Began as a Deep Elf Wanderer on Oct 24, 2021.
             Slain by a worm (8 damage)
             ... on level 3 of the Dungeon on Oct 25, 2021.
             The game lasted 00:08:23 (1972 turns).

horus123 the Ducker (Deep Elf Wanderer)             Turns: 1972, Time: 00:08:24

Health: -1/19      AC:  5    Str: 12    XL:     3   Next: 50%
Magic:  8/8        EV: 12    Int: 14    God:
Gold:   55         SH:  0    Dex: 14    Spells: 2/6 levels left

rFire    x . .     SeeInvis .   a - +0 falchion
rCold    + . .     Faith    .   (no shield)
rNeg     . . .     Spirit   .   b - +2 leather armour
rPois    .         Reflect  .   (no helmet)
rElec    .         Harm     .   (no cloak)
rCorr    .         Rampage  .   (no gloves)
Will     .....                  (no boots)
Stlth    +.........             (no amulet)
HPRegen  0.06/turn              d - ring of ice
MPRegen  0.11/turn              (no ring)

@: no status effects
A: no striking features
a: no special abilities


You were on level 3 of the Dungeon.
You visited 1 branch of the dungeon, and saw 3 of its levels.

You collected 55 gold pieces.

Inventory:

Hand Weapons
 a - a +0 falchion (weapon)
Armour
 b - a +2 leather armour (worn)
Magical Staves
 c - a staff of cold
Jewellery
 d - a ring of ice (left hand)
Potions
 e - a potion of curing
 f - a potion of brilliance {unknown}


   Skills:
 + Level 0.1 Fighting
 + Level 1.0(1.2) Short Blades
 + Level 1.1(1.2) Long Blades
 + Level 1.0 Armour
 + Level 2.8 Dodging
 + Level 0.2 Stealth
 + Level 1.7 Shields
 + Level 2.1 Spellcasting
 + Level 2.7 Necromancy
 + Level 2.6 Translocations


You had 2 spell levels left.
You knew the following spells:

 Your Spells              Type           Power      Damage    Failure   Level
a - Apportation           Tloc           16%        N/A       11%         1
b - Lesser Beckoning      Tloc           4%         N/A       30%         3

Your spell library contained the following spells:

 Spells                   Type           Power      Damage    Failure   Level
 Gell's Gravitas          Tloc           4%         N/A       30%         3
 Teleport Other           Tloc           8%         N/A       30%         3
 Stone Arrow              Conj/Erth      2%         3d7       65%         3
 Bolt of Magma            Conj/Fire/Erth 0%         4d4       100%        5
 Shatter                  Erth           0%         3d5*      100%        9


Dungeon Overview and Level Annotations

Branches:
Dungeon (3/15)

Altars:

Shops:
D:1 (


Message History

Okay, then.
Done exploring.
Done exploring.
Unknown command.
Okay, then.
Unknown command.
Welcome back, horus123 the Deep Elf Wanderer.
Press ? for a list of commands and other information.
Done exploring.
Done exploring.
(D) Dungeon
Where to? (? - help)
What level of the Dungeon? (default 1, ? - help)
There is a stone staircase leading down here.
You climb downwards.
There is a stone staircase leading up here.
A worm comes into view.
The worm bites you.
You hit the worm.
The worm is moderately wounded.
You hit the worm.
The worm is moderately wounded.
The worm bites you.
You hit the worm.
The worm is moderately wounded.
The worm misses you.
You hit the worm but do no damage.
The worm is moderately wounded.
The worm bites you.
You are too injured to fight recklessly!
You are too injured to fight recklessly!
You are too injured to fight recklessly!
You are too injured to fight recklessly!
You are too injured to fight recklessly!
You hit the worm.
The worm is heavily wounded.
You hit the worm.
The worm is almost dead.
The worm bites you!
You die...

... ##.#.. ..#.#
#.#.# ###.#.## #
. ...... .#.#.
...###.#.##......
.........@w......
.......<.##...##.
##.###.#.# ..#
#.#.# ... #.#.#
##. ..... ###.#
... ...


You could see a worm.

Vanquished Creatures
  A worm (D:2)
  2 dart slugs
  2 endoplasms (D:1)
  2 goblins
  2 hobgoblins (D:1)
  5 jackals (D:2)
  2 quokkas (D:1)
  8 ball pythons
  9 bats
  4 kobolds
  5 rats
42 creatures vanquished.

Notes
Turn   | Place    | Note
-------+----------+-------------------------------------------
     0 | D:1      | horus123 the Deep Elf Wanderer began the quest for the Orb.
     0 | D:1      | horus123 set off with the following items: a +0 falchion, a
                  | +2 leather armour; and the following spell memorised:
                  | Apportation; and the following spells available to
                  | memorise: Gell's Gravitas
     0 | D:1      | Reached XP level 1. HP: 10/10 MP: 5/5
   199 | D:1      | Reached XP level 2. HP: 12/15 MP: 7/7
   419 | D:1      | Found Carchuel's Weapon Shoppe.
  1294 | D:2      | Reached XP level 3. HP: 19/19 MP: 8/8
  1298 | D:2      | Learned a level 3 spell: Lesser Beckoning
  1541 | D:2      | Reached skill level 1 in Armour
  1566 | D:2      | Reached skill level 1 in Long Blades
  1972 | D:3      | Slain by a worm

Illustrated notes

Levels and vault maps discovered:
D:1:      lightli_arrival_lavapool, layout_basic, serial_shops, shop,
          grunt_decor_resistance
D:2:      layout_basic, minmay_splitting_lines
D:3:      layout_basic, nicolae_tso_swordbearing_angel, kennysheep_minor_cross,
          minmay_misc_feat_alley, kennysheep_generic_room_10

Skill      XL: |  1  2  3 |
---------------+----------+-----
Spellcasting   | 2 |  2.1
Armour         | 1 |  1.0
Long Blades    | 1 |  1.1
Fighting       | |  0.1
Short Blades   | |  1.0
Dodging        | |  2.8
Stealth        | |  0.2
Shields        | |  1.7
Necromancy     | |  2.7
Translocations | |  2.6

Action                   || total
-------------------------++-------
Melee: Falchion          ||   115
 Cast: Apportation       ||     1
       Lesser Beckoning  ||     2
  Use: Scroll            ||     5
 Stab: Sleeping          ||     2
       Distracted        ||     1
Armor: Leather armour    ||    49
Dodge: Dodged            ||   103
       Rpst.: Falchion   ||    36
